 Dungeon Crawl Stone Soup version 0.19.1 (webtiles) character file.

139 Dfrag the Firebug (level 5, -9/36 HPs)
             Began as a Demonspawn Fire Elementalist on Nov 29, 2016.
             Killed by divine providence
             ... invoked by an orc priest
              (13 damage)
             ... on level 3 of the Dungeon.
             The game lasted 00:03:02 (1736 turns).

Dfrag the Firebug (Demonspawn Fire Elementalist)    Turns: 1736, Time: 00:03:03

Health: -9/36      AC:  4    Str:  6    XL:     5   Next: 1%
Magic:  4/9        EV: 12    Int: 22    God:
Gold:   97         SH:  0    Dex: 14    Spells: 1 memorised, 9 levels left

rFire  . . .     SeeInvis .     e - +0 dagger
rCold  . . .     Gourm    .     a - +0 robe
rNeg   . . .     Faith    .     (no shield)
rPois  .         Spirit   .     (no helmet)
rElec  .         Reflect  .     (no cloak)
rCorr  .         Harm     .     (no gloves)
MR     .....                    (no boots)
Stlth  +.........               (no amulet)
                                k - -2 ring of strength (curse)
                                d - ring of loudness (curse)

@: brilliant
A: rugged brown scales 2, powered by death 1
a: no special abilities


You were on level 3 of the Dungeon.
You were not hungry.

You visited 1 branch of the dungeon, and saw 3 of its levels.

You collected 97 gold pieces.

Inventory:

Hand Weapons
 e - a +0 dagger (weapon)
Armour
 a - a +0 robe (worn)
Jewellery
 d - a cursed ring of loudness (left hand)
 k - a cursed -2 ring of strength (right hand)
Scrolls
 h - a scroll of immolation {unknown}
 n - a scroll of enchant weapon {unknown}
 o - a scroll of remove curse {unknown}
Potions
 f - a potion of brilliance
 g - a potion of resistance {unknown}
 j - a potion of ambrosia {unknown}
 p - a potion of mutation {unknown}
Books
 b - a book of Flames

   Spells                             Type                      Level
   a - Flame Tongue                   Conjuration/Fire             1
   b - Throw Flame                    Conjuration/Fire             2
   c - Conjure Flame                  Conjuration/Fire             3
   d - Inner Flame                    Hexes/Fire                   3
   e - Sticky Flame                   Conjuration/Fire             4
   f - Fireball                       Conjuration/Fire             5
Comestibles
 c - 3 bread rations
 i - 2 meat rations
 l - a beef jerky
 q - a chunk of flesh


   Skills:
 - Level 1.7 Dodging
 - Level 1.7 Stealth
 + Level 3.1 Spellcasting
 + Level 2.8 Conjurations
 + Level 3.7 Fire Magic


You had 9 spell levels left.
You knew the following spells:

 Your Spells              Type           Power        Failure   Level  Hunger
a - Flame Tongue          Conj/Fire      ####.        1%          1    None


Dungeon Overview and Level Annotations

Branches:
Dungeon (3/15)

Altars:


Innate Abilities, Weirdness & Mutations

You are mostly covered in rugged brown scales. (AC +2, +5% HP)
You regenerate a little health from kills.


Message History

Casting: Flame Tongue
Confirm with . or Enter, or press ? or * to list all spells.
You can't see any susceptible monsters within range! (Use Z to cast anyway.) Unknown command.
Things that are here:
a dagger; a robe; an orc corpse You butcher the orc corpse.
An orc priest comes into view. It is wielding a short sword.
Things that are here:
a dagger; a robe; 2 chunks of flesh
Casting: Flame Tongue
Confirm with . or Enter, or press ? or * to list all spells.
Aiming: Flame Tongue
Press: ? - help, Shift-Dir - straight line, f - orc priest
Aim: an orc priest, wielding a short sword and wearing a leather armour The flame tongue hits the orc priest.
The orc priest is heavily wounded.
The orc priest invokes the aid of Beogh against you.
Beogh smites you!
You die...

# ####o# #.@..#
#.#### ##.## #
###...## .
#.#......## .#
#.........## ..#
............##.#
####...<.......#..#
#...........)....#


You could see an orc priest.

Vanquished Creatures
  An orc wizard (D:3)
  A centaur skeleton (D:3)
  3 adders (D:2)
  An ooze (D:2)
  2 worms
  2 dart slugs
  2 leopard geckos (D:1)
  2 giant cockroaches (D:1)
  3 hobgoblins
  2 jackals (D:3)
  5 kobolds
  A ball python (D:2)
  2 bats (D:2)
  A frilled lizard (D:2)
  9 goblins
  5 rats
42 creatures vanquished.

Notes
Turn   | Place    | Note
-------+----------+-------------------------------------------
     0 | D:1      | Dfrag the Demonspawn Fire Elementalist began the quest for the Orb.
     0 | D:1      | Reached XP level 1. HP: 13/13 MP: 3/3
    54 | D:1      | Gained mutation: You are partially covered in rugged brown scales. (AC +1, +3% HP) [demonic ancestry]
    54 | D:1      | Reached XP level 2. HP: 5/19 MP: 0/5
   935 | D:2      | Reached XP level 3. HP: 24/24 MP: 0/6
  1543 | D:2      | Gained mutation: You are mostly covered in rugged brown scales. (AC +2, +5% HP) [demonic ancestry]
  1543 | D:2      | Reached XP level 4. HP: 18/31 MP: 4/7
  1705 | D:3      | HP: 1/31 [centaur skeleton (3)]
  1733 | D:3      | Gained mutation: You regenerate a little health from kills. [demonic ancestry]
  1733 | D:3      | Reached XP level 5. HP: 4/36 MP: 5/9
  1736 | D:3      | Killed from afar by an orc priest

Skill      XL: |  1  2  3  4 |
---------------+-------------+-----
Fire Magic     | 3 |  3.7
Conjurations   | 2 |  2.8
Spellcasting   | 3 |  3.1
Dodging        | |  1.7
Stealth        | |  1.7

Action                   |  1- 3 |  4- 6 || total
-------------------------+-------+-------++-------
Melee: Dagger            |    38 |    11 ||    49
 Cast: Flame Tongue      |    56 |    27 ||    83
  Use: Potion            |       |     4 ||     4
  Eat: Chunk             |     3 |       ||     3
Armor: Robe              |    10 |     8 ||    18
Dodge: Dodged            |    43 |    19 ||    62
